 Dungeon Crawl Stone Soup version 0.30-a0-743-gbfdf073431 (webtiles) character file.

Game seed: 2448687341381891312

39 Farfigtubin the Trooper (level 3, -3/24 HPs)
             Began as a Gargoyle Berserker on Feb 5, 2023.
             Was a Believer of Trog.
             Killed from afar by Sigmund (8 damage)
             ... with a puff of flame
             ... on level 3 of the Dungeon.
             The game lasted 00:03:37 (465 turns).

Farfigtubin the Trooper (Gargoyle Berserker)         Turns: 465, Time: 00:03:37

Health: -3/24      AC:  5    Str: 22    XL:     3   Next: 47%
Magic:  3/3        EV: 12    Int:  7    God:    Trog [**....]
Gold:   71         SH:  5    Dex:  9    Spells: 2/2 levels left

rFire   . . .      SeeInvis .    a - +0 mace
rCold   . . .      Faith    .    (no shield)
rNeg    + . .      Spirit   .    b - +0 animal skin
rPois   ∞          Reflect  +    (no helmet)
rElec   +          Harm     .    (no cloak)
rCorr   .          Rampage  .    (no gloves)
Will    .....                    (no boots)
Stlth   +                        i - amulet of reflection
HPRegen 0.24/turn                (no ring)
MPRegen 0.08/turn                (no ring)

@: no status effects
A: sickness immunity, AC +3, negative energy resistance 1, electricity
resistance, torment resistance 1, petrification resistance
a: Renounce Religion, Berserk, Trog's Hand


You were on level 3 of the Dungeon.
You worshipped Trog.
Trog was pleased with you.
You visited 1 branch of the dungeon, and saw 3 of its levels.

You collected 71 gold pieces.

Inventory:

Hand Weapons
 a - a +0 mace (weapon)
Armour
 b - a +0 animal skin (worn)
Jewellery
 d - an amulet of regeneration
 i - an amulet of reflection (around neck)
 j - a +6 ring of dexterity
Scrolls
 c - a scroll of fear {unknown}
 h - a scroll of teleportation {unknown}
 l - a scroll of identify {unknown}
Potions
 e - a potion of cancellation {unknown}
 f - 2 potions of heal wounds {unknown}
 g - a potion of resistance {unknown}
 k - a potion of curing {unknown}


   Skills:
 + Level 4.2 Fighting
 + Level 3.4 Maces & Flails
 + Level 2.3 Armour
 + Level 1.8 Dodging
 + Level 0.1 Shields


You had 2 spell levels left.
You didn't know any spells.
Your spell library was empty.

Dungeon Overview and Level Annotations

Branches:
Dungeon (3/15)

Altars:

Shops:
D:2 *

Annotations:
D:3 Sigmund


Innate Abilities, Weirdness & Mutations

You are immune to sickness and miasma.
Your stone body is resilient. (AC +3)
You are immune to poison.
You resist negative energy. (rN+)
You are resistant to electric shocks. (rElec)
You are resistant to unholy torment.
You are immune to petrification.


Message History

You open the door.
There is an open door here.
There is an open door here.
Sigmund the Dreaded comes into view.
He is wielding a +0 scythe.
Found a scroll labelled COLOUF KUZI.
Sigmund shouts!
Sigmund casts a spell at you.
You are confused.
Sigmund points at you and mumbles some strange words.
You are more confused.
Sigmund closely misses you. Sigmund gestures at you while chanting.
You are more confused.
You bump into the rock wall.
Sigmund hits you with a +0 scythe.
Okay, then.
Sigmund hits you but does no damage.
You thump Sigmund!
Sigmund is moderately wounded.
Sigmund barely misses you.
You barely miss Sigmund.
Sigmund is moderately wounded.
Sigmund casts a spell.
Sigmund flickers and vanishes!
Deactivating autopickup; reactivate with Ctrl-A.
You bump into the rock wall.
Something hits you but does no damage.
You miss something. Something hits you!
You bump into the rock wall.
Something hits you!
* * * LOW HITPOINT WARNING * * *
You completely miss something. Something hits you.
* * * LOW HITPOINT WARNING * * *
You're too confused to move!
You closely miss something.
You hear some strange, mumbled words.
Something tries to affect you, but you resist.
You miss something.
You feel less confused.
You hear some strange, mumbled words.
A puff of flame appears from out of thin air!
The puff of flame hits you!
You die...

#.........##
.....#.##### .#.#
#.###### # #.......
.#....... ##+#.##......
..............
...########.....###...##
..?....@$.#.............
..#....{..#.....###...##
#.#####......# #...# #
#..'......# #...## #.
#.##......####.....
#.##. ###.......##....
#.<#+####.......##.(..
#..!...........##....
+........########....


There were no monsters in sight!

Vanquished Creatures
  2 adders (D:3)
  A dart slug (D:3)
  2 endoplasms
  A goblin (D:2)
  2 hobgoblins (D:1)
  2 jackals (D:1)
  2 kobolds
  A quokka (D:3)
  2 bats (D:1)
  A frilled lizard (D:1)
  2 rats
18 creatures vanquished.

Notes
Turn   | Place    | Note
-------+----------+-------------------------------------------
     0 | D:1      | Farfigtubin the Gargoyle Berserker began the quest for the
                  | Orb.
     0 | D:1      | Reached XP level 1. HP: 14/14 MP: 1/1
    97 | D:1      | Reached XP level 2. HP: 10/19 MP: 2/2
   170 | D:1      | You fall into a shaft and drop 1 floor!
   207 | D:2      | Found Ifoeri's Assorted Antiques.
   358 | D:3      | Reached XP level 3. HP: 17/24 MP: 3/3
   369 | D:3      | Reached skill level 4 in Fighting
   424 | D:3      | Reached ** piety under Trog
   448 | D:3      | Noticed Sigmund
   465 | D:3      | Killed from afar by Sigmund

Illustrated notes

Levels and vault maps discovered:
D:1:      denvon_arrival_planthouse, layout_rooms,
          ebering_ecumenical_altar_petrified, chequers_serial_rivers_marsh
D:2:      minmay_chambers_of_ones, layout_loops_ring, serial_shops,
          nicolae_shop_temple_entry_statues_fountains, minmay_tetromino_s4
D:3:      layout_basic, uniq_sigmund, uniq_jessica

Skill      XL: |  1  2  3 |
---------------+----------+-----
Fighting       | 4 |  4.2
Maces & Flails | |  3.4
Armour         | |  2.3
Dodging        | |  1.8
Shields        | |  0.1

Action                     || total
---------------------------++-------
  Melee: Mace              ||    76
 Armour: Animal skin       ||    17
  Dodge: Dodged            ||    63
  Block: Other             ||    22

Table legend: (Time is in decaauts)
 A = Elapsed time spent in this place.
 B = Non-inter-level travel time spent in this place.
 C = Inter-level travel time spent in this place.
 D = Time resting spent in this place.
 E = Time spent auto-exploring this place.
 F = Levels seen in this place.
 G = Mean time per level.
                   A        B        C        D        E       F      G
               +--------+--------+--------+--------+--------+-----+--------+
         Total |    482 |    482 |      0 |      0 |      0 |   3 |  160.7 |
       Dungeon |    482 |    482 |      0 |      0 |      0 |   3 |  160.7 |
               +--------+--------+--------+--------+--------+-----+--------+

Top non-repeatable levels by time:
     D:1: 177 daAuts
     D:2: 170 daAuts
     D:3: 134 daAuts
